 Dungeon Crawl Stone Soup version 0.30.0-29-ga12c61a403 (webtiles) character file.

Game seed: 9338201845246131759

53 LustLizard the Gusty (level 3, -3/23 HPs)
             Began as an Octopode Air Elementalist on June 25, 2023.
             Killed by miscasting Swiftness (8 damage)
             ... on level 2 of the Dungeon.
             The game lasted 00:03:01 (2614 turns).

LustLizard the Gusty (Octopode Air Elementalist)    Turns: 2614, Time: 00:03:01

Health: -3/23      AC:  1    Str:  9    XL:     3   Next: 89%
Magic:  0/6        EV: 13    Int: 17    God:
Gold:   31         SH:  0    Dex: 12    Spells: 0/6 levels left

rFire   . . .        (no weapon)
rCold   . . .        (no shield)
rNeg    . . .        (helmet restricted)
rPois   .            (no amulet)
rElec   .            (no ring)
rCorr   .            (no ring)
SInv    .            (no ring)
Will    .....        (no ring)
Stlth   +++          (no ring)
HPRegen 0.23/turn    (no ring)
MPRegen 0.10/turn    (no ring)
                     (no ring)

%: no passive effects
@: very slightly contaminated
A: almost no armour, amphibious, 8 rings, camouflage 1, gelatinous body 1,
(nimble swimmer 1), tentacles
a: no special abilities


You were on level 2 of the Dungeon.
You visited 1 branch of the dungeon, and saw 3 of its levels.

You collected 148 gold pieces.
You spent 117 gold pieces at shops.

Inventory:

Scrolls
 d - 2 scrolls of vulnerability {unknown}
 f - a scroll of enchant armour {unknown}
 h - 3 scrolls of identify {unknown}
 l - 2 scrolls of fear {unknown}
 n - 2 scrolls of teleportation {unknown}
 p - a scroll of magic mapping {unknown}
Potions
 a - 3 potions of magic
 b - 2 potions of haste {unknown}
 c - 2 potions of curing {unknown}
 e - 2 potions of heal wounds {unknown}
 g - a potion of ambrosia {unknown}
 i - a potion of degeneration {unknown}
 j - a potion of flight {unknown}
 k - a potion of attraction {unknown}
 m - a potion of might {unknown}
 o - a potion of invisibility {unknown}
 q - a potion of resistance {unknown}


   Skills:
 + Level 1.1 Fighting
 - Level 2.0 Dodging
 + Level 3.3 Stealth
 + Level 2.3 Spellcasting
 + Level 1.7 Conjurations
 * Level 3.6 Air Magic


You couldn't memorise any spells.
You knew the following spells:

 Your Spells              Type           Power      Damage    Failure   Level
a - Shock                 Conj/Air       44%        1d5       6%          1
b - Static Discharge      Conj/Air       22%        2-3/arc   10%         2
c - Swiftness             Air            14%        N/A       13%         3

Your spell library contained the following spells:

 Spells                   Type           Power      Damage    Failure   Level
 Airstrike                Air            7%         2d(1-17)  38%         4


Dungeon Overview and Level Annotations

Branches:
Dungeon (3/15)

Altars:
Hepliaklqana

Shops:
D:1 *


Innate Abilities, Weirdness & Mutations

You cannot wear most types of armour.
You are amphibious.
You can wear up to eight rings at the same time.
Your skin changes colour to match your surroundings (Stealth+).
Your rubbery body absorbs attacks. (AC +1, EV +1)
((You are camouflaged when in or above water. (Stealth+)))
You have tentacles for arms and can constrict up to eight enemies at once.


Message History

* * * LOW HITPOINT WARNING * * *
Okay, then.
Okay, then.
You tentacle-slap the orc.
You kill the orc!
The orc barely misses you. The orc closely misses you.
Unknown command.
The orc attacks as you move away! The orc barely misses you.
The orc attacks as you move away! The orc closely misses you.
An orc comes into view. It is wielding a +0 war axe.
Your magical contamination has completely faded away.
The orc attacks as you move away! The orc barely misses you.
Casting: Shock (safe; 6% risk of failure)
Confirm with . or Enter, or press ? or * to list all spells.
You don't have enough magic to cast this spell.
Casting: Shock (safe; 6% risk of failure)
Confirm with . or Enter, or press ? or * to list all spells.
Okay, then.
The orc attacks as you move away! The orc closely misses you.
You see here a hobgoblin corpse.
The orc attacks as you move away! The orc barely misses you.
Casting: Shock (safe; 6% risk of failure)
Confirm with . or Enter, or press ? or * to list all spells.
You don't have enough magic to cast this spell.
The orc attacks as you move away! The orc hits you with a +0 hand axe.
* * * LOW HITPOINT WARNING * * *
The orc attacks as you move away! The orc closely misses you.
The orc attacks as you move away! The orc barely misses you.
There is an escape hatch in the ceiling here.
The orc hits you with a +0 hand axe.
* * * LOW HITPOINT WARNING * * *
A mysterious force pulls you upwards. The hatch slams shut behind you.
Unknown command.
Casting: Shock (safe; 6% risk of failure)
Confirm with . or Enter, or press ? or * to list all spells.
The spell is extremely dangerous to miscast (13% risk of failure)!
Continue anyway?
You miscast Swiftness.
You are very lightly contaminated with residual magic.
Electricity courses through your body!
You die...

#########'##.##################.#
................................#
..........†#.#####........~.~~...
...........#.# #.###.#...~.....
##.........#.# #####..~~..~~...
#.........#.########≈≈≈~~~≈~~~~~
#...#####........#≈≈≈≈≈≈.≈~~~≈~~
#.......'......o.####....~..~.~.
#######.#......@..# ##..~.~...~~
#.#.........######........
#.#.........##............
#.#.........##.###........
########.#.........##.# #.##.....
......................###.##.....
.................................
..######.........................
..######..........#..............


You could see an orc.

Vanquished Creatures
  2 orcs (D:3)
  3 ball pythons
  6 endoplasms
  2 giant cockroaches
  5 goblins
  8 hobgoblins
  3 kobolds (D:1)
  3 quokkas
  6 bats
  2 frilled lizards
  3 rats (D:1)
43 creatures vanquished.

Notes
Turn   | Place    | Note
-------+----------+-------------------------------------------
     0 | D:1      | LustLizard the Octopode Air Elementalist began the quest
                  | for the Orb.
     0 | D:1      | Reached XP level 1. HP: 11/11 MP: 3/3
   229 | D:1      | Reached XP level 2. HP: 18/18 MP: 0/5
   716 | D:1      | Reached XP level 3. HP: 13/22 MP: 0/6
   775 | D:1      | Learned a level 2 spell: Static Discharge
   779 | D:1      | Learned a level 3 spell: Swiftness
   916 | D:1      | Found Kaomap's Assorted Antiques.
   945 | D:1      | Bought a scroll labelled AWYUJOUMAMM for 24 gold pieces
   945 | D:1      | Bought a dark potion for 21 gold pieces
  1011 | D:1      | Reached skill level 1 in Fighting
  1350 | D:1      | Found a faded altar of an unknown god.
  2400 | D:1      | Bought a scroll labelled KEAFAET EDAI for 24 gold pieces
  2400 | D:1      | Bought a scroll labelled LETIAGH VIER for 24 gold pieces
  2400 | D:1      | Bought a scroll labelled NEEMPASCH YFUIS for 24 gold pieces
  2483 | D:3      | Found a hazy altar of Hepliaklqana.
  2614 | D:2      | Killed by miscasting Swiftness

Illustrated notes

Levels and vault maps discovered:
D:1:      minmay_arrival_solitary_statue, layout_loops_ring, serial_shops,
          nicolae_shop_behind_doors, shapermc_ecumenical_altar_hornbeckon
D:2:      layout_basic, serial_rivers, chequers_serial_rivers_room_b,
          chequers_serial_rivers_marsh, chequers_serial_rivers_small_3,
          chequers_serial_rivers_small_b, chequers_serial_rivers_room_b
D:3:      layout_loops_ring, cheibrodos_ashenzari_chains,
          mainiacjoe_overflow_boulevard, cheibrodos_worm_habitat

Skill      XL: |  1  2  3 |
---------------+----------+-----
Stealth        | 3 |  3.3
Fighting       | 1 |  1.1
Dodging        | |  2.0
Spellcasting   | |  2.3
Conjurations   | |  1.7
Air Magic      | |  3.6

Action                     || total
---------------------------++-------
  Melee: Unarmed           ||    12
         Constrict         ||     3
         Tentacles         ||     2
   Cast: Shock             ||    75
  Dodge: Dodged            ||    16
